 Dungeon Crawl Stone Soup version 0.12.2-6-g2b2ad49 (webtiles) character file.

255 Antunes the Practitioner (level 3, -1/21 HPs)
             Began as a Kobold Healer on June 14, 2013.
             Was a Believer of Elyvilon.
             Slain by a giant frog (7 damage)
             ... on Level 6 of the Dungeon.
             The game lasted 00:22:46 (1960 turns).

Antunes the Practitioner (Kobold Healer)            Turns: 1960, Time: 00:22:46

HP  -1/21        AC  3     Str 11      XL: 3   Next: 80%
MP   6/6         EV 15     Int 11      God: Elyvilon [**....]
Gold 213         SH  0     Dex 14      Spells:  0 memorised,  2 levels left

Res.Fire  : . . .   See Invis. : .   i - +0 dagger
Res.Cold  : . . .   Warding    : .   a - +1 robe
Life Prot.: . . .   Conserve   : +   (no shield)
Res.Poison: .       Res.Corr.  : .   (no helmet)
Res.Elec. : .       Clarity    : .   (no cloak)
Sust.Abil.: + .     Spirit.Shd : .   (no gloves)
Res.Mut.  : .       Stasis     : .   (no boots)
Res.Rott. : .       Ctrl.Telep.: .   n - amulet of conservation
Saprovore : + + .   Flight     : .   (no ring)
                                     q - ring of sustain abilities

@: not resistant to hostile enchantments, fairly stealthy
A: disease resistance, carnivore 3, saprovore 2
a: Lesser Healing, Lesser Self-Healing, Divine Protection, Purification,
Renounce Religion


You were on level 6 of the Dungeon.
You worshipped Elyvilon.
Elyvilon was most pleased with you.
You were not hungry.

You visited 1 branch of the dungeon, and saw 6 of its levels.

You collected 113 gold pieces.

Dungeon Overview and Level Annotations

Branches:
Dungeon (6/27)
 Temple: D:4-7          Orc: D:6-11

Altars:
Yredelemnul

Annotations
D:2 Sigmund
D:3 smajdalf's ghost, average MfGl


Innate Abilities, Weirdness & Mutations

You recuperate from illness quickly.
You are small and have problems with some larger weapons.
You are carnivorous and can eat meat at any time.
You can eat rotten meat.


   Skills:
 - Level 2.4 Fighting
 + Level 1.0 Short Blades
 + Level 3.2 Dodging
 + Level 2.2 Stealth
 + Level 1.1 Traps
 + Level 4.1 Invocations


You had 2 spell levels left.
You didn't know any spells.

Inventory:

Hand weapons
 e - a +0,+0 short sword
 g - a +0,-1 elven dagger
 h - a +0,+0 short sword
 i - a +0,+0 dagger (weapon)
 k - a +2,+0 dagger of returning (quivered)
 r - a +0,+0 orcish dagger
 s - a +0,+0 elven dagger
 t - a +0,+0 elven short sword
 y - a +0,+0 orcish mace
Missiles
 j - 27 poisoned needles
 l - 33 darts
Armour
 a - a +1 robe (worn)
 u - a +0 elven leather armour
Comestibles
 d - 5 meat rations
Scrolls
 f - 6 scrolls of identify
 w - a scroll of magic mapping {unknown}
Jewellery
 n - an amulet of conservation (around neck)
 q - a ring of sustain abilities (left hand)
Potions
 b - 3 potions of curing
 c - a potion of heal wounds
 m - a potion of might {unknown}
 o - a potion of agility {unknown}
 p - a potion of mutation {unknown}
 v - a potion of magic {unknown}
 x - a potion of poison {unknown}
 z - 2 potions of brilliance {unknown}


Message History

Found 3 scrolls of remove curse and a murky cyan potion.
Found a stone staircase leading up.
There is a stone staircase leading up here.
A giant frog comes into view.
The giant frog gives a loud, deep croak!
There is a stone staircase leading up here.
You hit the giant frog.
The giant frog is lightly wounded.
The giant frog barely misses you.
You hit the giant frog.
The giant frog is lightly wounded.
The giant frog misses you.
You barely miss the giant frog.
The giant frog is lightly wounded.
The giant frog hits you! The giant frog hits you.
* * * LOW HITPOINT WARNING * * *
You closely miss the giant frog.
The giant frog is lightly wounded.
The giant frog hits you!
You die...

· ··▒
··▒▒ ▒··?
▒▒▒▒··▒
▒·····▒
▒·····▒
▒▒▒·····▒
▒······K▒
▒······F▒
▒·······▒
▒<▒▒▒▒·▒▒
▒ ···
▒▒·▒ ▒!▒
▒·· ··▒


You could see a giant frog.

Action                   || total
-------------------------++-------
Melee: Dagger            ||   128
Throw: Dart              ||     8
Invok: Lesser Healing    ||    27
  Use: Scroll            ||    10
 Stab: Sleeping          ||     3

Vanquished Creatures
  An orc (D:5)
  6 bats
  5 hobgoblins
  A ball python (D:2)
  A giant newt (D:2)
  3 goblins
  2 kobolds (D:2)
  A quokka skeleton (D:4)
  4 rats
24 creatures vanquished.

Vanquished Creatures (others)
  A giant cockroach (D:2)
  A kobold (D:2)
  A bat (D:1)
3 creatures vanquished.

Grand Total: 27 creatures vanquished

Notes
Turn   | Place    | Note
--------------------------------------------------------------
     0 | D:1      | Antunes, the Kobold Healer, began the quest for the Orb.
     0 | D:1      | Reached XP level 1. HP: 12/12 MP: 2/2
   228 | D:1      | Reached skill level 1 in Stealth
   471 | D:1      | Reached XP level 2. HP: 17/17 MP: 4/4
  1036 | D:2      | Reached XP level 3. HP: 21/21 MP: 6/6
  1037 | D:2      | Reached skill level 2 in Stealth
  1056 | D:2      | Found a basalt altar of Yredelemnul.
  1132 | D:2      | Reached skill level 1 in Traps
  1167 | D:2      | Noticed Sigmund
  1312 | D:3      | Noticed smajdalf's ghost (average MfGl)
  1516 | D:2      | Reached skill level 3 in Dodging
  1558 | D:4      | Noticed a manticore skeleton
  1570 | D:4      | Noticed an ogre
  1732 | D:5      | Entered Level 5 of the Dungeon
  1862 | D:5      | Reached skill level 1 in Short Blades
  1955 | D:6      | Noticed a giant frog
  1960 | D:6      | Slain by a giant frog

Vault maps used:
D:1:      minmay_entry_up_and_down
D:2:      overflow_temple_1_default, first_bread, uniq_sigmund
D:3:      uniq_crazy_yiuf_cottage
D:4:      overflow_temple_1_default, st_stairs_4, minivault_26,
          eino_small_chamber_without_monster, minmay_temple_entry_nine_rooms
D:5:      trog_wizard, uniq_edmund
D:6:      zombieorc1_lemuel, uniq_menkaure, uniq_eustachio
